 Dungeon Crawl Stone Soup version 0.18.0-2-g198d6d4 (webtiles) character file.

5399 imoen the Martial Artist (level 10, 0/63 HPs)
             Began as a Vine Stalker Monk on May 5, 2016.
             Was an Elder of Cheibriados.
             Slain by an orc warrior
             ... wielding a +0 spear
              (5 damage)
             ... in a bailey.
             The game lasted 00:46:26 (3504 turns).

imoen the Martial Artist (Vine Stalker Monk)        Turns: 3504, Time: 00:46:27

Health: 0/63       AC: 12    Str: 22      XL:     10   Next: 66%
Magic:  0/17       EV: 10    Int: 15 (16) God:    Cheibriados [****..]
Gold:   240        SH:  2    Dex: 28 (30) Spells: 0 memorised, 9 levels left

rFire  . . .     SeeInvis .       - Unarmed
rCold  . . .     Gourm    .     s - +0 chain mail
rNeg   . . .     Faith    .     (no shield)
rPois  .         Spirit   +     (no helmet)
rElec  +         Dismiss  .     q - +0 cloak
rCorr  .         Reflect  .     (no gloves)
SustAt .         Harm     .     (no boots)
MR     +....                    (no amulet)
Stlth  ..........               n - -3 ring of intelligence (curse)
                                o - +1 ring of protection

@: very slow, somewhat resistant to hostile enchantments, extremely unstealthy
A: fangs 3, large bone plates 1, regeneration 2, robust 1, electricity
resistance, magic shield, antimagic bite, no device heal 3, rot immunity
a: Bend Time, Temporal Distortion, Slouch, Renounce Religion


You were in a bailey.
You worshipped Cheibriados.
Cheibriados was greatly pleased with you.
You were hungry.

You visited 2 branches of the dungeon, and saw 9 of its levels.
You also visited: Bailey.

You collected 240 gold pieces.

Inventory:

Hand Weapons
 B - a +0 blowgun
   (You took it off an orc warrior on level 7 of the Dungeon)
Missiles
 d - a javelin of returning (quivered)
 e - 37 poisoned needles
 D - 8 needles of confusion
Armour
 q - a +0 cloak (worn)
   (You found it on level 5 of the Dungeon)
 s - a +0 chain mail (worn)
   (You found it on level 4 of the Dungeon)
 z - a +0 plate armour
   (You found it on level 7 of the Dungeon)
Rods
 c - a +2 rod of inaccuracy (2/16)
   (You found it on level 8 of the Dungeon)
Jewellery
 n - a cursed -3 ring of intelligence (right hand)
   (You found it on level 5 of the Dungeon)
 o - a +1 ring of protection (left hand)
   (You found it on level 5 of the Dungeon)
Wands
 y - a wand of slowing (9/48)
   (You took it off Crazy Yiuf on level 7 of the Dungeon)
Scrolls
 f - a scroll of enchant weapon
 g - 7 scrolls of remove curse
 h - 3 scrolls of recharging
 m - a scroll of magic mapping
 r - a scroll of fog
 u - a scroll of enchant armour
 v - a scroll of immolation
Potions
 C - a potion of beneficial mutation
Books
 l - Kikubaaqudgha's Catalogue of Darkness
   (You found it on level 4 of the Dungeon)

   Spells                             Type                      Level
   a - Pain                           Necromancy                   1
Comestibles
 a - a beef jerky
 b - 4 bread rations
 j - 2 meat rations


   Skills:
 - Level 9.0 Fighting
 + Level 1.3 Armour
 - Level 2.4 Dodging
 - Level 2.4 Stealth
 - Level 10.0 Unarmed Combat
 - Level 8.2 Invocations


You had 9 spell levels left.
You didn't know any spells.

Dungeon Overview and Level Annotations

Branches:
Dungeon (8/15)             Temple (1/1) D:4
   Lair: D:8-11

Altars:
Cheibriados
Dithmenos
Elyvilon
Gozag
Kikubaaqudgha
Nemelex Xobeh
Ru
Sif Muna
Trog
Vehumet
Xom
Yredelemnul
Zin
The Shining One

Shops:
D:7 [

Annotations:
Bailey namelastname112's ghost, novice DrGl


Innate Abilities, Weirdness & Mutations

You have razor-sharp teeth.
You heal very quickly.
When hurt, damage is shared between your health and your magic reserves.
Your bite disrupts and absorbs the magic of your enemies.
Potions and wands cannot restore your health.
You are immune to rotting.
You are partially covered in large bone plates (AC +2, SH +2).
You are robust (+10% HP).
You are resistant to electric shocks.


Message History

Evoking this partially-identified wand wasted a few charges.
The orc warrior hits you from afar with a spear!
* * * LOW HITPOINT WARNING * * *
You take 8 damage, and have 12/63 hp.
You now have 2/17 mp.
Unknown command.
Read which item? (? for menu, Esc to quit)
Okay, then.
Okay, then.
Read which item? (? for menu, Esc to quit)
Okay, then.
Drink which item? (? for menu, Esc to quit)
Okay, then.
Drink which item? (? for menu, Esc to quit)
You are confused.
You feel invigorated.
The orc warrior hits you from afar with a spear!
* * * LOW HITPOINT WARNING * * *
Namelastname112's ghost hits you.
* * * LOW HITPOINT WARNING * * *
An orc comes into view. It is wielding a halberd.
You take 9 damage, and have 3/63 hp.
You now have 1/17 mp.
Unknown command.
Unknown command.
The orc warrior hits you but does no damage.
You regained 10 mp, and now have 11/17 mp.
Unknown command.
Unknown command.
Namelastname112's ghost is no longer moving slowly.
The orc warrior barely misses you.
Namelastname112's ghost hits you but does no damage.
There is an open gate here.
MP restored: 17 Unknown command.
The orc warrior barely misses you.
Unknown command.
Unknown command.
You feel less invigorated.
You feel less confused. Namelastname112's ghost hits you.
* * * LOW HITPOINT WARNING * * *
The orc warrior barely misses you. Namelastname112's ghost hits you.
* * * LOW HITPOINT WARNING * * *
You take 1 damage, and have 5/63 hp.
You now have 9/17 mp.
Unknown command.
Unknown command.
The orc warrior hits you from afar with a spear.
* * * LOW HITPOINT WARNING * * *
Namelastname112's ghost closely misses you.
You take 1 damage, and have 4/63 hp.
You now have 7/17 mp.
Unknown command.
Read which item? (? for menu, Esc to quit)
Okay, then.
Drink which item? (? for menu, Esc to quit)
Okay, then.
Okay, then.
Read which item? (? for menu, Esc to quit)
Okay, then.
Unknown command.
Unknown command.
Unknown command.
Unknown command.
Read which item? (? for menu, Esc to quit)
Okay, then.
Drink which item? (? for menu, Esc to quit)
Okay, then.
Okay, then.
Okay, then.
The flow of time bends around you.
Cheibriados rebukes namelastname112's ghost.
Namelastname112's ghost seems to slow down.
You feel slightly more hungry.
The orc warrior hits you from afar with a spear.
* * * LOW HITPOINT WARNING * * *
Namelastname112's ghost says, "You must not succeed where I failed!"
Namelastname112's ghost barely misses you.
You take 1 damage, and have 3/63 hp.
You now have 4/17 mp.
Unknown command.
You don't have enough magic at the moment.
Unknown command.
Read which item? (? for menu, Esc to quit)
Okay, then.
Namelastname112's ghost hits you but does no damage.
The orc warrior hits you from afar with a spear.
* * * LOW HITPOINT WARNING * * *
You now have 2/17 mp.
Unknown command.
Okay, then.
You closely miss namelastname112's ghost.
Your bite misses namelastname112's ghost.
Unknown command.
You hit namelastname112's ghost.
You bite namelastname112's ghost, but do no damage.
The orc warrior closely misses you.
Namelastname112's ghost barely misses you.
Unknown command.
You closely miss namelastname112's ghost.
You punch namelastname112's ghost, but do no damage.
You bite namelastname112's ghost, but do no damage.
The orc warrior hits you from afar with a spear!
You die...

..≈≈≈..... ........ ....)≈
#)..# #)..# #...# #...#
#########'''#########
##....).@Wo..........##
##.....................##
##....)..⌠#######⌠..)....##
#≈...)##### #####....≈#
#≈..)## ##...≈# #≈...
#...≈# #≈...
.o≈≈.o≈o≈..≈≈..#...≈# #≈..⌠
o≈≈.≈≈≈.≈≈≈.≈≈.#⌠..≈# #≈..#
o≈.≈≈c....≈≈.≈.##..≈#


You could see an orc warrior and namelastname112's ghost.

Vanquished Creatures
  The ghost of George the Carver, a journeyman MiFi of the Shining One (Bailey)
  Pikel (D:7)
  The ghost of Lovchig the Covered, a novice MiFi of Zin (D:6)
  The ghost of George the Carver, a novice MiFi (D:4)
  7 orc warriors
  2 wyverns
  A water moccasin (D:5)
  The ghost of imoen the Ruffian, an amateur VSMo of Cheibriados (D:5)
  An ice beast (D:6)
  2 sky beasts
  A phantom (D:4)
  4 centaurs
  A crocodile (D:7)
  A big kobold (D:6)
  3 giant frogs
  A scorpion (D:8)
  3 crimson imps
  A giant frog zombie (D:5)
  A jelly (D:7)
  A centaur zombie (D:5)
  A centaur skeleton (D:8)
  12 orc wizards
  Crazy Yiuf (D:7)
  2 giant frog skeletons
  2 hounds
  2 orc priests
  4 worker ants
  4 iguanas
  A hound skeleton (D:7)
  3 worker ant zombies
  4 gnolls
  A howler monkey skeleton (D:5)
  6 adders
  2 adder zombies
  4 adder skeletons
  3 worms
  A dart slug (D:4)
  41 orcs
  3 bats
  5 giant cockroaches
  4 goblins (D:8)
  A hobgoblin (D:1)
  5 jackals
  5 quokkas
  2 giant gecko zombies (D:5)
  2 giant newts
  A jackal zombie (D:7)
  5 kobolds
  A quokka skeleton (D:5)
  6 rats
169 creatures vanquished.

Vanquished Creatures (others)
  2 slaves (D:7)
  A big kobold (D:7)
  7 kobolds (D:7)
10 creatures vanquished.

Grand Total: 179 creatures vanquished

Notes
Turn   | Place    | Note
--------------------------------------------------------------
     0 | D:1      | imoen the Vine Stalker Monk began the quest for the Orb.
     0 | D:1      | Reached XP level 1. HP: 11/11 MP: 2/2
   147 | D:3      | Reached XP level 2. HP: 16/16 MP: 3/3
   172 | D:3      | Found a glowing silver altar of Zin.
   175 | D:3      | Noticed an angel
   179 | D:3      | Found a shimmering altar of Xom.
   269 | D:5      | Entered Level 5 of the Dungeon
   282 | D:5      | Reached skill level 5 in Unarmed Combat
   282 | D:5      | Reached XP level 3. HP: 19/19 MP: 4/4
   283 | D:5      | Noticed a wyvern
   293 | D:5      | Killed a wyvern
   293 | D:5      | Reached skill level 6 in Unarmed Combat
   293 | D:5      | Reached XP level 4. HP: 23/23 MP: 5/5
   293 | D:5      | Reached XP level 5. HP: 27/27 MP: 6/6
   313 | D:5      | Noticed imoen's ghost (amateur VSMo)
   339 | D:5      | Killed imoen's ghost
   339 | D:5      | Reached skill level 7 in Unarmed Combat
   339 | D:5      | Gained mutation: You heal very quickly. [Vine Stalker growth]
   339 | D:5      | Reached XP level 6. HP: 11/32 MP: 5/7
   488 | D:5      | Got a polished leather armour
   499 | D:5      | Identified the cursed +1 leather armour of Joy {+Fly Str-5 Int+3} (You found it on level 5 of the Dungeon)
   569 | D:5      | Noticed a water moccasin
   582 | D:5      | Killed a water moccasin
   582 | D:5      | Reached skill level 8 in Unarmed Combat
   582 | D:5      | Reached XP level 7. HP: 23/35 MP: 5/8
   831 | D:4      | Noticed George's ghost (novice MiFi)
   836 | D:4      | Gained mutation: You are partially covered in large bone plates (AC +2, SH +2). [potion of mutation]
   836 | D:4      | Gained mutation: You are resistant to electric shocks. [potion of mutation]
   876 | D:4      | Killed George's ghost
   876 | D:4      | Reached skill level 9 in Unarmed Combat
   910 | D:4      | Gained mutation: You have razor-sharp teeth. [Vine Stalker growth]
   910 | D:4      | Reached XP level 8. HP: 28/39 MP: 5/9
   935 | D:4      | Found a white marble altar of Elyvilon.
   986 | D:4      | Found a basalt altar of Yredelemnul.
  1020 | D:4      | Found a staircase to the Ecumenical Temple.
  1033 | Temple   | Entered the Ecumenical Temple
  1075 | Temple   | Became a worshipper of Cheibriados the Contemplative
  1075 | Temple   | Reached * piety under Cheibriados
  1075 | Temple   | Reached ** piety under Cheibriados
  1107 | D:4      | Found an ancient bone altar of Kikubaaqudgha.
  1112 | D:4      | Found a deep blue altar of Sif Muna.
  1114 | D:4      | Found a radiant altar of Vehumet.
  1118 | D:4      | Identified Kikubaaqudgha's Catalogue of Darkness (You found it on level 4 of the Dungeon)
  1128 | D:4      | Reached skill level 10 in Unarmed Combat
  1164 | D:4      | Reached skill level 3 in Fighting
  1339 | D:5      | Reached skill level 4 in Fighting
  1578 | D:5      | Reached skill level 1 in Invocations
  1755 | D:6      | Reached skill level 2 in Invocations
  1791 | D:6      | Reached skill level 3 in Invocations
  1807 | D:6      | Reached *** piety under Cheibriados
  1830 | D:6      | Reached skill level 4 in Invocations
  1848 | D:6      | Found a sparkling altar of Nemelex Xobeh.
  1909 | D:6      | Noticed Lovchig's ghost (novice MiFi)
  1925 | D:6      | Reached skill level 5 in Invocations
  1925 | D:6      | Reached XP level 9. HP: 33/45 MP: 13/13
  1944 | D:6      | Killed Lovchig's ghost
  1944 | D:6      | Reached skill level 6 in Invocations
  2082 | D:7      | Noticed Pikel
  2094 | D:7      | Killed Pikel
  2094 | D:7      | Reached skill level 8 in Invocations
  2233 | D:7      | Noticed Crazy Yiuf
  2240 | D:7      | Killed Crazy Yiuf
  2297 | D:7      | Reached **** piety under Cheibriados
  2342 | D:7      | Reached skill level 5 in Fighting
  2534 | D:7      | Found Poxaotusa's Armour Boutique.
  2562 | D:7      | Reached skill level 6 in Fighting
  2567 | D:7      | HP: 12/48 [orc warrior/battleaxe (9)]
  2588 | D:7      | HP: 12/48 [orc warrior/uncursed battleaxe (9)]
  2593 | D:7      | HP: 10/48 [worker ant (1)]
  2732 | D:7      | Reached XP level 10. HP: 53/53 MP: 17/17
  2921 | D:8      | Reached skill level 7 in Fighting
  3070 | D:8      | Noticed a moth of wrath
  3073 | D:8      | Found a bloodstained altar of Trog.
  3128 | D:8      | Identified a +1 rod of inaccuracy (14/14) (You found it on level 8 of the Dungeon)
  3227 | D:8      | Found a flagged portal.
  3228 | D:8      | Reached ***** piety under Cheibriados
  3240 | Bailey   | Entered a bailey
  3240 | Bailey   | Noticed George's ghost (journeyman MiFi)
  3266 | Bailey   | HP: 19/82 [orc/halberd (5)]
  3272 | Bailey   | HP: 16/82 [George's ghost (6)]
  3273 | Bailey   | Killed George's ghost
  3273 | Bailey   | Reached skill level 8 in Fighting
  3456 | Bailey   | Reached skill level 9 in Fighting
  3471 | Bailey   | Noticed namelastname112's ghost (novice DrGl)
  3478 | Bailey   | Reached skill level 1 in Armour
  3492 | Bailey   | Gained mutation: You are robust (+10% HP). [potion of beneficial mutation]
  3493 | Bailey   | HP: 12/63 [orc warrior/spear (9)]
  3494 | Bailey   | HP: 3/63 [namelastname112's ghost (3)]
  3499 | Bailey   | HP: 4/63 [orc warrior/spear (2)]
  3504 | Bailey   | Slain by an orc warrior

Skill      XL: |  1  2  3  4  5  6  7  8  9 10 |
---------------+-------------------------------+-----
Unarmed Combat | 5 6 7 8 9 10 | 10.0
Fighting       | 4 6 9 |  9.0
Invocations    | 5 8 |  8.2
Armour         | 1 |  1.3
Dodging        | |  2.4
Stealth        | |  2.4

Action                   |  1- 3 |  4- 6 |  7- 9 | 10-12 || total
-------------------------+-------+-------+-------+-------++-------
Melee: Unarmed           |    51 |    62 |   306 |   118 ||   537
       Bite              |    17 |    23 |   136 |    53 ||   229
       Punch             |     2 |     2 |    19 |    11 ||    34
 Fire: Blowgun           |       |       |       |    18 ||    18
Invok: Bend Time         |       |       |     5 |     6 ||    11
       Slouch            |       |       |       |     2 ||     2
Evoke: Wand              |       |       |     1 |     6 ||     7
       Rod               |       |       |       |    13 ||    13
  Use: Potion            |     1 |       |     6 |     8 ||    15
       Scroll            |       |     1 |     7 |     9 ||    17
 Stab: Sleeping          |     4 |       |       |       ||     4
  Eat: Chunk             |       |       |     5 |     4 ||     9
Armor: Robe              |     5 |       |       |       ||     5
       Scale mail        |     6 |    24 |     5 |       ||    35
       Chain mail        |       |       |   136 |    47 ||   183
       Skin              |       |       |       |    15 ||    15
Dodge: Dodged            |    35 |    28 |   125 |    81 ||   269
Block: Other             |       |       |    16 |     7 ||    23

Vault maps used:
D:1:      mrwooster_arrival_arrow, lexackson_kobold_supper
D:2:      nicolae_overflow_crystal_walls, first_bread
D:3:      grunt_temple_overflow_order_and_chaos_1, lemuel_doored_altar,
          minmay_lizard_king
D:4:      kennysheep_ying_yang, grunt_temple_overflow_magic_moments,
          nicolae_overflow_hidden_temple, minmay_temple_entry_overgrown,
          minmay_misc_feat_tiny, hangedman_decor_opposing
D:5:      serial_undead, serial_undead_c, serial_undead_b, serial_undead_c,
          serial_undead_d
D:6:      grunt_temple_overflow_open, nemelex_lonely_heart_becter
D:7:      serial_shops, shop, uniq_pikel, uniq_crazy_yiuf_cottage
D:8:      tgw_trog, lair_0_dummy, enter_bailey_3
Temple:   circular_temple_6
Bailey:   bailey_polearm_flooded_kennysheep, bailey

Table legend:
 A = Turns spent in this place as a percentage of turns spent in the entire game.
 B = Non-inter-level travel turns spent in this place as a percentage of non-inter-level travel turns spent in the entire game.
 C = Inter-level travel turns spent in this place as a percentage of turns spent in this place.
 D = Turns resting spent in this place as a percentage of non-inter-level travel turns spent in this place.
 E = Turns spent auto-exploring this place as a percentage of non-inter-level travel turns spent in this place.
 F = Non-inter-level travel turns spent in this place divided by the number of levels of this place that you've seen.
                   A       B       C       D       E      F
               +-------+-------+-------+-------+-------+----------------------
         Total | 100.0 | 100.0 |   0.6 |   0.7 |   0.1 | 298.3
       Dungeon |  86.1 |  86.0 |   0.7 |   0.6 |   0.1 | 320.8
        Temple |   2.2 |   2.2 |   0.0 |   0.0 |   0.0 |  66.0
        Bailey |  11.7 |  11.8 |   0.0 |   1.1 |   0.0 | 351.0
               +-------+-------+-------+-------+-------+----------------------

Table legend:
 A = Kills in this place as a percentage of kills in entire the game.
 B = Kills by you in this place as a percentage of kills by you in the entire game.
 C = Kills by friends in this place as a percentage of kills by friends in the entire game.
 D = Other kills in this place as a percentage of other kills in the entire game.
 E = Experience gained in this place as a percentage of experience gained in the entire game.
 F = Experience gained in this place divided by the number of levels of this place that you have seen.
                   A       B       C       D       E      F
               +-------+-------+-------+-------+-------+----------------------
         Total | 100.0 | 100.0 |  -nan |  -nan | 100.0 | 771.3
       Dungeon |  89.3 |  89.3 |  -nan |  -nan |  73.7 | 710.2
        Bailey |  10.7 |  10.7 |  -nan |  -nan |  26.3 | 2031.0
               +-------+-------+-------+-------+-------+----------------------
